AoeStats
← Robermad

Arabia

510590694Analyzed
4v4 RM · 1d ago on Oct 1, 2026· 29m 31s· 8 players
Game mode
Random Map
Map size
Large (8 player)
Population
200
Speed
Normal
Resources
Standard
Victory
Conquest
Starting age
Dark Age
Ending age
Imperial Age
RankedLock teamsTeams togetherTeam positionsShared explorationLock speedFull tech treeHidden civsTurbo modeCheats
Victory
Defeat
🇨🇴 Maya · Colombia
1100
+16
🇹🇼 Vietnamese · Taiwan
1097
+16
🇦🇷 Magyars · Argentina
1094
+16
🇹🇼 Franks · Taiwan
1092
+16
🇪🇸 Turks · Spain
1150
-17
🇪🇸 Mongols · Spain
1087
-16
1083
-16
🇮🇹 Chinese · Italy
1073
-15
JohnSalchichon
7:10 Loom
9:30 Feudal Age
10:23 Double-Bit Axe
11:00 Horse Collar
21:14 Castle Age
20:46 Bloodlines
22:51 Husbandry
23:27 Bow Saw
23:19 Heavy Plow
27:24 Scale Barding Armor
Ctrl Gio
0:27 Loom
0:33 Loom
10:02 Feudal Age
10:58 Double-Bit Axe
18:45 Town Watch
22:50 Castle Age
21:14 Fletching
22:01 Padded Archer Armor
22:47 Horse Collar
23:00 Gold Mining
22:55 Crossbowman
23:40 Thumb Ring
23:32 Bodkin Arrow
24:06 Bow Saw
24:46 Leather Archer Armor
29:24 Heavy Plow
吃仙草被嚇到
11:31 Feudal Age
10:11 Loom
24:03 Double-Bit Axe
gigan
6:48 Loom
9:32 Feudal Age
10:11 Double-Bit Axe
14:09 Fletching
17:14 Padded Archer Armor
23:01 Castle Age
21:47 Horse Collar
22:01 Gold Mining
23:01 Crossbowman
24:18 Thumb Ring
24:15 Bodkin Arrow
25:44 Wheelbarrow
26:17 Ballistics
26:27 Leather Archer Armor
26:41 Bow Saw
FURIOUSPAKO
8:35 Loom
10:22 Feudal Age
15:11 Castle Age
14:30 Stone Mining
14:26 Double-Bit Axe
18:56 Padded Archer Armor
18:46 Fletching
21:49 Leather Archer Armor
21:51 Elite Skirmisher
25:38 Town Watch
27:32 Horse Collar
29:18 Thumb Ring
Robermad
6:52 Loom
9:30 Feudal Age
10:50 Double-Bit Axe
10:51 Horse Collar
19:57 Bloodlines
22:09 Wheelbarrow
25:35 Castle Age
24:55 Scale Barding Armor
26:08 Forging
Dijeijesus
0:33 Loom
12:37 Feudal Age
12:41 Man-at-Arms
18:55 Horse Collar
19:02 Double-Bit Axe
26:26 Castle Age
24:28 Gold Mining
24:59 Fletching
Ezio Greggio I il vile
0:31 Loom
12:49 Feudal Age
19:46 Padded Archer Armor
20:29 Fletching
27:06 Castle Age
Connection lost

Rejoining the realm…

Still unreachable

The connection could not be restored.

Session expired

The server has moved on; the page needs a fresh start.